 Dungeon Crawl Stone Soup version 0.28-a0-683-ga8797d1ae1 (webtiles) character file.

Game seed: 3700421571587310

4449 shoop the Thrower (level 10, -3/144 HPs)
             Began as an Ogre Hunter on Oct 18, 2021.
             Was an Initiate of Hepliaklqana.
             Slain by Harold (16 damage)
             ... on level 8 of the Dungeon.
             The game lasted 00:28:23 (11800 turns).

shoop the Thrower (Ogre Hunter)                    Turns: 11800, Time: 00:28:23

Health: -3/144     AC: 25    Str: 20    XL:     10   Next: 37%
Magic:  14/14      EV:  1    Int: 13    God:    Hepliaklqana [......]
Gold:   450        SH:  0    Dex: 15    Spells: 12/15 levels left

rFire   . . .      SeeInvis .   a - +2 giant spiked club (flame)
rCold   . . .      Faith    .   (shield currently unavailable)
rNeg    . . .      Spirit   .   (armour currently unavailable)
rPois   +          Reflect  .   (helmet currently unavailable)
rElec   .          Harm     .   (cloak currently unavailable)
rCorr   .          Rampage  .   (gloves unavailable)
Will    +....      NoTele   +   (boots unavailable)
Stlth   ++........              (no amulet)
HPRegen 0.34/turn               p - +4 ring of evasion
MPRegen 0.14/turn               C - +6 ring of dexterity

@: tree-form
A: stationary, stasis, torment immunity, boosted hp, large, unfitting armour,
(tough skin 1)
a: Renounce Religion


You were on level 8 of the Dungeon.
You worshipped Hepliaklqana.
Hepliaklqana was noncommittal.
You were a tree.
You visited 2 branches of the dungeon, and saw 9 of its levels.

You collected 450 gold pieces.

Inventory:

Hand Weapons
 a - a +2 giant spiked club of flaming (weapon)
 b - a +0 whip of draining
 h - a +0 mace
 t - a +0 dagger of venom
 F - a +0 short sword
 G - a +1 morningstar
Missiles
 f - 190 stones (quivered)
 m - 7 poisoned darts
 x - 5 large rocks
 D - an atropa-tipped dart
Armour
 c - a +2 robe of cold resistance (melded)
 E - a +0 robe
Jewellery
 p - a +4 ring of evasion (left branch)
 C - a +6 ring of dexterity (right branch)
Wands
 v - a wand of digging (3)
 y - a wand of iceblast (17)
Scrolls
 e - a scroll of amnesia
 i - 5 scrolls of magic mapping {unknown}
 l - 5 scrolls of teleportation {unknown}
 o - 2 scrolls of summoning
 r - a scroll of vulnerability
 u - a scroll of enchant armour
 w - a scroll of identify
Potions
 g - a potion of degeneration {unknown}
 j - a potion of haste
 k - 3 potions of curing
 n - 4 potions of heal wounds
 s - a potion of brilliance
 z - 5 potions of berserk rage
 A - a potion of cancellation
 B - a potion of ambrosia


   Skills:
 - Level 5.0 Fighting
 + Level 7.8 Maces & Flails
 - Level 10.3 Throwing
 - Level 2.0 Dodging
 - Level 1.0 Stealth
 - Level 3.0 Spellcasting
 - Level 4.0 Air Magic
 - Level 3.0 Evocations


You had 12 spell levels left.
You knew the following spells:

 Your Spells              Type           Power      Damage    Failure   Level
a - Swiftness             Air            12%        N/A       13%         3

Your spell library contained the following spells:

 Spells                   Type           Power      Damage    Failure   Level
 Shock                    Conj/Air       28%        1d4       10%         1
 Poisonous Vapours        Pois/Air       14%        N/A       16%         2
 Static Discharge         Conj/Air       7%         N/A       16%         2
 Animate Skeleton         Necr           2%         N/A       22%         1
 Pain                     Necr           4%         1d4       22%         1
 Sting                    Tmut/Pois      4%         1d3       22%         1
 Airstrike                Air            6%         N/A       41%         4
 Tukima's Dance           Hex            1%         N/A       56%         3
 Vampiric Draining        Necr           0%         2d6       56%         3
 Dispel Undead            Necr           1%         3d6       92%         4
 Hailstorm                Conj/Ice       1%         3d3       92%         4
 Ice Form                 Ice/Tmut       1%         N/A       92%         4
 Olgreb's Toxic Radiance  Pois           1%         N/A       92%         4
 Passage of Golubria      Tloc           1%         N/A       92%         4
 Sticky Flame             Conj/Fire      1%         2d3       92%         4
 Yara's Violent Unravell  Hex/Tmut       0%         3d3       99%         5
 Simulacrum               Ice/Necr       0%         N/A       100%        6
 Malign Gateway           Summ/Tloc      0%         N/A       100%        7
 Summon Horrible Things   Summ           0%         N/A       100%        8


Dungeon Overview and Level Annotations

Branches:
Dungeon (8/15)             Temple (1/1) D:7
   Lair: D:8-11

Altars:
Ashenzari
Cheibriados
Dithmenos
Elyvilon
Fedhas
Gozag
Hepliaklqana
Kikubaaqudgha
Makhleb
Nemelex Xobeh
Okawaru
Qazlal
Ru
Sif Muna
Trog
Uskayaw
Vehumet
Wu Jian
Xom
Yredelemnul
Zin

Annotations:
D:3 exclusion: door
D:5 exclusion: water moccasin
D:6 exclusion: gargoyle
D:8 Grum, Harold


Innate Abilities, Weirdness & Mutations

You are a tree.
Your roots penetrate the ground, keeping you stationary.
You cannot be teleported.
You are immune to unholy pain and torment.
Your maximum health is greatly increased.
Your equipment is partially melded.
You are too large for most types of armour.
((You have tough skin. (AC +1)))


Message History

You hit Harold. You burn Harold.
Harold is moderately wounded.
Harold struggles against the net.
You hit Harold but do no damage.
Harold is moderately wounded.
Harold says, "This is so exciting!
What a great way to end my career!"
Harold struggles against the net. x2
You puncture Harold! You burn Harold.
Harold is moderately wounded.
Harold struggles against the net.
The net rips apart, and Harold comes free!
Throw: throwing net
Press: ? - help, Q - select action, (/) - cycle Shift-Dir - straight line, f/p - Harold
Aim: Harold, wielding a +0 glaive and wearing a +0 chain mail (moderately wounded, 79% to hit)
You throw a throwing net. The throwing net barely misses Harold.
Harold hits you with a +0 glaive!
* * * LOW HITPOINT WARNING * * *
Aiming: Iceblast
Press: ? - help, Shift-Dir - straight line, p - Harold The mass of ice explodes!
The iceblast engulfs Harold.
Harold is heavily wounded.
Harold hits you with a +0 glaive!
* * * LOW HITPOINT WARNING * * *
Unknown command.
Unknown command.
Aiming: Iceblast
Press: ? - help, Shift-Dir - straight line The mass of ice explodes!
The iceblast engulfs Harold!
Harold is severely wounded.
You hear a shout!
Harold hits you with a +0 glaive!
* * * LOW HITPOINT WARNING * * *
You feel much better. Harold hits you with a +0 glaive!
* * * LOW HITPOINT WARNING * * *
Really quaff the potion of lignification?
You turn into a tree.
Your +2 robe of cold resistance melds into your body.
You feel less resistant to cold.
Your roots penetrate the ground.
Harold hits you with a +0 glaive!
You die...

....# # #.......##. ##..#
#. #..(....... #...#
...##.......# #.#.#
............# #.#.# #.#
#.......# #.#.#
#.##.####(....####.#
#.#.#
#.##...............#
#.#.#
#.#######.@...######
#.#.# #.# #.♣...# #.#.#
#.# ###.### #.#.# #.#
#####.#### #.#.# #.#
#........##
....###)#####............
................#.##.##.#
.#.####.####.#.##.# .#
.#.# #.# #...##.# # #.#
#.# ###.##.#


You could see Harold.

Vanquished Creatures
  A two-headed ogre (D:7)
  Pikel (D:6)
  Prince Ribbit (D:7)
  A wyvern (D:8)
  Sigmund (D:5)
  2 water moccasins (D:5)
  3 sky beasts
  2 orc warriors
  A black bear (D:5)
  2 ice beasts
  2 ogres (D:5)
  4 centaurs
  2 wolves (D:7)
  A bullfrog (D:6)
  A gnoll sergeant (D:6)
  2 scorpions (D:5)
  A water moccasin zombie (D:5)
  3 wights
  5 howler monkeys
  4 hounds
  2 orc priests
  A bullfrog skeleton (D:5)
  A centaur skeleton (D:7)
  3 iguanas
  5 orc wizards
  A hound skeleton (D:4)
  A howler monkey skeleton (D:5)
  4 gnolls
  5 adders
  A shadow imp (D:7)
  2 white imps (D:5)
  2 ufetubi
  A worm (D:2)
  3 dart slugs
  21 orcs
  6 ball pythons
  7 bats
  6 endoplasms
  2 giant cockroaches
  4 goblins
  13 hobgoblins
  4 jackals (D:2)
  3 quokkas
  14 frilled lizards
  9 kobolds
  6 rats
167 creatures vanquished.

Vanquished Creatures (others)
  4 fungi (D:6)
  2 plants (D:2)
6 creatures vanquished.

Grand Total: 173 creatures vanquished

Notes
Turn   | Place    | Note
-------+----------+-------------------------------------------
     0 | D:1      | shoop the Ogre Hunter began the quest for the Orb.
     0 | D:1      | Reached XP level 1. HP: 22/22 MP: 1/1
   285 | D:1      | Reached skill level 1 in Stealth
   331 | D:1      | Reached XP level 2. HP: 28/31 MP: 2/2
   927 | D:1      | Reached XP level 3. HP: 29/37 MP: 3/3
  1363 | D:2      | Noticed a great orb of eyes
  1376 | D:2      | Found a faded altar of an unknown god.
  1380 | D:2      | Noticed a shining eye
  1380 | D:2      | Noticed a great orb of eyes
  1380 | D:2      | Noticed an eye of devastation
  1485 | D:2      | Reached skill level 5 in Throwing
  1625 | D:2      | Reached XP level 4. HP: 39/45 MP: 4/4
  3103 | D:3      | Reached skill level 6 in Throwing
  3103 | D:3      | Reached XP level 5. HP: 52/53 MP: 5/5
  3388 | D:3      | Found a shimmering blue altar of Sif Muna.
  4397 | D:5      | Entered Level 5 of the Dungeon
  4397 | D:5      | Noticed an ogre
  4401 | D:5      | Noticed a water moccasin
  4411 | D:4      | Reached skill level 7 in Throwing
  4411 | D:4      | Reached XP level 6. HP: 39/61 MP: 6/6
  4532 | D:5      | Killed a water moccasin
  4597 | D:5      | Reached skill level 8 in Throwing
  4597 | D:5      | Reached XP level 7. HP: 53/67 MP: 7/7
  4698 | D:5      | Found a broken altar of Ashenzari.
  5049 | D:5      | Reached skill level 1 in Evocations
  5422 | D:5      | Reached XP level 8. HP: 66/78 MP: 8/8
  5856 | D:5      | Noticed Sigmund
  5919 | D:5      | Killed Sigmund
  5920 | D:5      | Reached skill level 9 in Throwing
  6662 | D:6      | Reached skill level 10 in Throwing
  7028 | D:6      | Noticed a gargoyle
  7069 | D:6      | Learned a level 3 spell: Swiftness
  7164 | D:6      | Reached skill level 1 in Spellcasting
  7164 | D:6      | Reached skill level 1 in Air Magic
  7446 | D:6      | Reached XP level 9. HP: 26/84 MP: 10/12
  7714 | D:6      | Found an ancient bone altar of Kikubaaqudgha.
  8374 | D:6      | Reached skill level 1 in Maces & Flails
  9774 | D:7      | Reached skill level 5 in Fighting
  9913 | D:7      | Noticed Pikel
  9966 | D:6      | Killed Pikel
 10103 | D:7      | Noticed a two-headed ogre
 10154 | D:7      | Killed a two-headed ogre
 10155 | D:7      | Reached skill level 5 in Maces & Flails
 10155 | D:7      | Reached XP level 10. HP: 94/96 MP: 14/14
 10385 | D:7      | Found a staircase to the Ecumenical Temple.
 10394 | Temple   | Entered the Ecumenical Temple
 10620 | D:7      | Found a hazy altar of Hepliaklqana.
 10625 | D:7      | Became a worshipper of Hepliaklqana the Forgotten
 10810 | D:8      | Found a stormy altar of Qazlal.
 10841 | D:8      | Noticed Prince Ribbit
 10850 | D:7      | Killed Prince Ribbit
 10947 | D:8      | Noticed Grum
 11450 | D:8      | Noticed Harold
 11798 | D:8      | HP: 4/96 [Harold (7)]
 11800 | D:8      | Slain by Harold

Illustrated notes

Levels and vault maps discovered:
D:1:      lemuel_arrival_behind_the_door_small, layout_loops_ring
D:2:      minmay_chambers_of_twos, layout_basic,
          hellmonk_ecumenical_altar_watching_god, minmay_lizard_king
D:3:      layout_basic, led_sif_book
D:4:      layout_loops_ring
D:5:      layout_cave_pools, nicolae_ashenzari_panopticon, minmay_puff,
          uniq_sigmund
D:6:      layout_loops_ring, mainiacjoe_overflow_boulevard
D:7:      layout_cave_pools, worldfamousw_hep_ancestral_shrine,
          minmay_temple_entry_poolview, corexii_checkpoint_a,
          hellmonk_bongcloud_opening, uniq_pikel
D:8:      layout_loops_ring, lemuel_tele_altar, mainiacjoe_overflow_chevrons,
          uniq_grum, uniq_prince_ribbit1, uniq_joseph, uniq_harold
Temple:   eino_temple_scatter_basement

Skill      XL: |  1  2  3  4  5  6  7  8  9 10 |
---------------+-------------------------------+-----
Fighting       | 3 4 5 |  5.0
Stealth        | 1 |  1.0
Dodging        | 2 |  2.0
Throwing       | 5 6 7 8 10 | 10.3
Evocations     | 3 |  3.0
Spellcasting   | 2 3 |  3.0
Air Magic      | 2 4 |  4.0
Maces & Flails | 6 7 |  7.8

Action                   |  1- 3 |  4- 6 |  7- 9 | 10-12 || total
-------------------------+-------+-------+-------+-------++-------
Melee: Short sword       |    37 |       |    32 |       ||    69
       Mace              |    74 |   119 |       |       ||   193
       Dagger            |       |    49 |   157 |       ||   206
       Whip              |       |       |   176 |       ||   176
       Morningstar       |       |       |    24 |       ||    24
       Giant spiked club |       |       |       |    77 ||    77
Throw: Stone             |    54 |    84 |    92 |     7 ||   237
       Large rock        |       |     7 |    11 |       ||    18
       Dart              |       |       |    11 |     1 ||    12
       Throwing net      |       |       |       |     2 ||     2
Evoke: Wand              |       |       |       |     4 ||     4
  Use: Scroll            |       |       |    14 |     3 ||    17
       Potion            |       |       |       |     2 ||     2
 Stab: Sleeping          |     1 |       |     5 |       ||     6
       Invisible         |       |       |     5 |     1 ||     6
       Held in net/web   |       |       |       |     1 ||     1
Armor: Robe              |    31 |    52 |   115 |    26 ||   224
Dodge: Dodged            |    72 |   132 |   299 |    63 ||   566

Table legend: (Time is in decaauts)
 A = Elapsed time spent in this place.
 B = Non-inter-level travel time spent in this place.
 C = Inter-level travel time spent in this place.
 D = Time resting spent in this place.
 E = Time spent auto-exploring this place.
 F = Levels seen in this place.
 G = Mean time per level.
                   A        B        C        D        E       F      G
               +--------+--------+--------+--------+--------+-----+--------+
         Total |  11885 |  11574 |    311 |   1575 |   7765 |   9 | 1320.6 |
       Dungeon |  11728 |  11425 |    303 |   1575 |   7631 |   8 | 1466.0 |
        Temple |    156 |    148 |      8 |      0 |    134 |   1 |  156.0 |
               +--------+--------+--------+--------+--------+-----+--------+

Top non-repeatable levels by time:
     D:5: 2441 daAuts
     D:6: 2278 daAuts
     D:7: 1837 daAuts
     D:1: 1352 daAuts
     D:2: 1250 daAuts
     D:3: 1154 daAuts
     D:4: 815 daAuts
     D:8: 598 daAuts
  Temple: 156 daAuts
